 Dungeon Crawl Stone Soup version 0.26-a0-830-g2a559e7be2 (webtiles) character file.

Game seed: 3664329501043606819

101450 Ge0ff the Severer (level 16, -1/225 HPs)
             Began as a Human Fighter on Nov 15, 2020.
             Was a High Priest of Elyvilon.
             Slain by a moth of wrath (7 damage)
             ... on level 2 of the Spider Nest.
             The game lasted 01:01:14 (29649 turns).

Ge0ff the Severer (Human Fighter)                  Turns: 29649, Time: 01:01:15

Health: -1/225     AC: 11    Str: 28    XL:     16   Next: 82%
Magic:  27/28      EV: 10    Int: 10    God:    Elyvilon [*****.]
Gold:   457        SH: 22    Dex: 16    Spells: 17/19 levels left

rFire    . . .     SeeInvis .   a - +4 broad axe (elec)
rCold    + . .     Faith    .   y - +2 tower shield {rC+}
rNeg     + . .     Spirit   .   T - +0 plate armour
rPois    +         Reflect  .   Q - +2 hat {MR+}
rElec    .         Harm     .   B - +1 cloak
rCorr    .         Rampage  .   S - +0 pair of gloves
MR       +++..                  E - +1 pair of boots
Stlth    ..........             D - amulet of regeneration
HPRegen  0.87/turn              Y - ring "Iraxuum" {rN+ Str+7, =R}
MPRegen  0.21/turn              O - ring "Katisiyd" {Wiz rPois MR+ Int+2}

@: berserking (expiring), lethally poisoned (-1 -> -17), divinely vigorous,
corroded, very quick
A: no striking features
a: Lesser Healing, Heal Other, Purification, Greater Healing, Divine Vigour,
Divine Protection, Renounce Religion


You were on level 2 of the Spider Nest.
You worshipped Elyvilon.
Elyvilon was extremely pleased with you.
You visited 4 branches of the dungeon, and saw 24 of its levels.
You also visited: Ice Cave.

You collected 1747 gold pieces.
You spent 1290 gold pieces at shops.

Inventory:

Hand Weapons
 a - a +4 broad axe of electrocution (weapon)
 b - a +1 war axe of flaming
Missiles
 g - 2 throwing nets {=f}
 v - 4 curare-tipped darts {=f}
 w - 2 javelins
 H - 6 poisoned darts (quivered)
Armour
 y - a +2 tower shield of cold resistance (worn)
 B - a +1 cloak (worn)
 E - a +1 pair of boots (worn)
 Q - a +2 hat of magic resistance (worn)
 S - a +0 pair of gloves (worn)
 T - a +0 plate armour (worn)
Jewellery
 D - an amulet of regeneration (around neck)
 G - an uncursed ring of flight
 O - the ring "Katisiyd" (right hand) {Wiz rPois MR+ Int+2}
   (You bought it in a shop on level 5 of the Dungeon)

   [ring of wizardry]

   It improves your spell success rate.
   It affects your intelligence (+2).
   It protects you from poison.
   It affects your resistance to hostile enchantments.
 Y - the ring "Iraxuum" (left hand) {rN+ Str+7, =R}
   (You bought it in a shop on level 4 of the Dungeon)

   [ring of positive energy]

   It affects your strength (+7).
   It protects you from negative energy.
Wands
 d - a wand of digging (3)
 e - a wand of enslavement (1)
 f - a wand of flame (31)
 j - a wand of acid (11)
 k - a wand of iceblast (13)
 p - a wand of paralysis (35)
 s - a wand of disintegration (30)
 P - a wand of polymorph (21)
Scrolls
 m - 6 scrolls of magic mapping
 C - 5 scrolls of remove curse
Potions
 o - a potion of ambrosia
 q - 6 potions of curing
 A - a potion of haste {unknown}
 J - 4 potions of attraction
 K - 6 potions of magic {!q}
 L - 2 potions of lignification
 M - 7 potions of might
 N - 2 potions of cancellation {unknown}
 R - a potion of resistance
 W - 7 potions of heal wounds {!q}
 X - 2 potions of flight
Miscellaneous
 l - a lightning rod (3/4)
 n - a phial of floods


   Skills:
 * Level 11.1 Fighting
 * Level 15.1 Axes
 + Level 2.0 Throwing
 * Level 11.5 Armour
 + Level 7.7 Dodging
 * Level 11.3 Shields
 + Level 2.3 Spellcasting
 + Level 2.6 Translocations
 + Level 10.1 Invocations
 + Level 9.4 Evocations


You had 17 spell levels left.
You knew the following spells:

 Your Spells              Type           Power        Failure   Level
c - Blink                 Tloc           N/A          93%         2

Your spell library contained the following spells:

 Spells                   Type           Power        Failure   Level
 Beastly Appendage        Tmut           #.....       99%         1
 Corona                   Hex            #......      99%         1
 Foxfire                  Conj/Fire      #...         99%         1
 Summon Small Mammal      Summ           #...         99%         1
 Gell's Gravitas          Tloc           #.........   99%         3
 Lesser Beckoning         Tloc           #.........   99%         3
 Teleport Other           Tloc           #.......     99%         3
 Call Imp                 Summ           #.......     100%        2
 Slow                     Hex            #.......     100%        2
 Wereblood                Tmut           #.......     100%        2
 Call Canine Familiar     Summ           #.......     100%        3
 Inner Flame              Hex/Fire       #.......     100%        3
 Portal Projectile        Hex/Tloc       #.....       100%        3
 Spider Form              Tmut/Pois      #.........   100%        3
 Summon Guardian Golem    Hex/Summ       #.......     100%        3
 Animate Dead             Necr           #.........   100%        4
 Cause Fear               Hex            #.........   100%        4
 Ice Form                 Ice/Tmut       #.......     100%        4
 Leda's Liquefaction      Hex/Erth       #.........   100%        4
 Passage of Golubria      Tloc           N/A          100%        4
 Summon Ice Beast         Ice/Summ       #.......     100%        4
 Summon Lightning Spire   Summ/Air       #.......     100%        4
 Blade Hands              Tmut           #.........   100%        5
 Borgnjor's Vile Clutch   Necr/Erth      #.........   100%        5
 Silence                  Hex/Air        #.........   100%        5
 Yara's Violent Unravell  Hex/Tmut       #.........   100%        5
 Death Channel            Necr           #.........   100%        6
 Simulacrum               Ice/Necr       #.........   100%        6
 Dragon Form              Tmut           #.........   100%        7
 Discord                  Hex            #.........   100%        8
 Dragon's Call            Summ           #.........   100%        9


Dungeon Overview and Level Annotations

Branches:
Dungeon (15/15)            Temple (1/1) D:6            Lair (6/6) D:10
 Shoals (0/4) Lair:2       Spider (1/4) Lair:3        Slime (0/5) Lair:5
    Orc (0/2) D:10         Vaults (0/5) D:13         Depths (0/5) D:15
  IceCv (visited)

Altars:
Ashenzari
Cheibriados
Dithmenos
Elyvilon
Fedhas
Gozag
Hepliaklqana
Kikubaaqudgha
Makhleb
Nemelex Xobeh
Okawaru
Qazlal
Ru
Sif Muna
Trog
Uskayaw
Vehumet
Wu Jian
Xom
Yredelemnul
Zin
The Shining One
Jiyva

Shops:
D:4 =   D:5 =   D:10 *   D:15 (

Annotations:
D:4 1 runed translucent door, TheWayOfAllFlesh's ghost, amateur DsGl
D:10 exclusion: downstairs
Lair:1 stash
Spider:2 Donald


Message History

You slice the redback!! Lightning courses through the redback!
You feel sick. You block the redback's attack.
You block the moth of wrath's attack. The jumping spider pounces on you!
* * * LOW HITPOINT WARNING * * *
The jumping spider bites you but does no damage.
The redback bites you but does no damage.
Donald blocks your attack.
Donald is severely wounded.
You slice the redback!!
You kill the redback!
You closely miss the moth of wrath. You hit the jumping spider.
You feel very sick. You block the jumping spider's attack.
The jumping spider bites you but does no damage.
Donald hits you with a +2 broad axe of flaming!
* * * LOW HITPOINT WARNING * * *
Donald burns you.
* * * LOW HITPOINT WARNING * * *
The moth of wrath bites you!
You die...

...#.s..#.###...#. ..#
.......^.........#...#
......#..............#
#......#(#........#
........(..###.#
.#^.......†^..†#
#.............####
....#.y†@#..^....#
.#.....@.##.#....#
##.#..s.........#
..##............#
..#..........####
#............#
.....#...#....#
#...#..........#
#...#....^...###
#....#...#


You could see Donald (fast, strong), a moth of wrath and a jumping spider
(berserk).

Vanquished Creatures
  Jorgrun (D:12)
  Gastronok (Lair:1)
  Kirke (D:12)
  2 frost giants
  An emperor scorpion (Lair:3)
  An entropy weaver (Spider:2)
  An ogre mage (D:13)
  8 hydras
  2 boulder beetles
  A vault guard (D:13)
  5 catoblepae (Lair:6)
  7 centaur warriors
  A death knight (D:13)
  5 two-headed ogres
  14 death yaks
  Sonja (D:12)
  A sun demon (D:13)
  A skeletal warrior (D:13)
  An unseen horror (D:10)
  Pikel (D:4)
  3 deep elf magi
  An orb spider (Spider:2)
  4 cyclopes
  4 manticores
  6 wolf spiders
  2 ugly things
  2 oklob plants (Lair:1)
  A merfolk siren (Lair:2)
  6 black mambas
  2 ice statues (IceCv)
  3 centaur zombies
  11 elephants
  Maggie (D:7)
  A torpor snail (Lair:6)
  4 cane toads
  2 gargoyles
  8 komodo dragons
  2 rime drakes
  5 yaktaurs (D:15)
  An ice devil (D:13)
  2 jumping spiders
  A polar bear (shapeshifter) (D:14)
  9 trolls
  A hornet (D:10)
  16 polar bears
  5 slime creatures
  A wolf spider simulacrum (D:15)
  3 meliai (D:14)
  8 blink frogs (Lair:6)
  3 shadows
  3 tarantellas
  8 redbacks
  3 wyverns
  2 water elementals (D:14)
  5 wraiths
  2 vampires
  A hog (D:12)
  76 yaks
  5 vampire mosquitoes
  Menkaure (D:4)
  A fire elemental (Lair:2)
  3 basilisks
  2 wargs
  13 water moccasins
  3 eyes of draining
  5 ice beasts
  9 orc warriors
  5 sky beasts
  2 black bears
  3 necrophages
  9 ogres
  2 phantoms
  20 wolves
  10 centaurs
  A big kobold (D:7)
  18 bullfrogs
  A wyvern skeleton (D:14)
  10 scorpions
  11 killer bees (D:11)
  6 electric eels
  7 wights
  4 crimson imps (D:13)
  A bullfrog zombie (D:11)
  A howler monkey (D:11)
  2 centaur skeletons
  10 hounds
  A quasit (D:13)
  8 orc priests
  5 jellies
  6 bullfrog skeletons
  Ijyb (D:5)
  2 iguanas
  11 orc wizards
  4 hell rats (Lair:4)
  10 worker ants
  A hound zombie (D:10)
  A hound skeleton (D:11)
  10 gnolls
  14 adders
  A shadow imp (D:8)
  5 white imps
  An ufetubus (D:7)
  An ooze (D:2)
  An adder skeleton (D:6)
  5 worms
  3 dart slugs
  10 leopard geckos
  45 orcs
  8 giant cockroaches
  10 goblins
  12 hobgoblins
  10 jackals
  10 kobolds
  6 quokkas
  2 ball pythons
  3 bats (D:2)
  5 frilled lizards
  A jackal skeleton (D:7)
  A leopard gecko zombie (D:8)
  A quokka zombie (D:6)
  7 rats
661 creatures vanquished.

Vanquished Creatures (others)
  A manticore (D:12)
  A black mamba (Lair:6)
  A hornet (D:12)
  2 tarantellas (Spider:2)
  2 humans (D:12)
  2 wolves (IceCv)
  A big kobold (D:12)
  2 hounds (D:12)
  A kobold (D:12)
  41 fungi
  46 plants
100 creatures vanquished.

Grand Total: 761 creatures vanquished

Notes
Turn   | Place    | Note
-------+----------+-------------------------------------------
     0 | D:1      | Ge0ff the Human Fighter began the quest for the Orb.
     0 | D:1      | Reached XP level 1. HP: 18/18 MP: 1/1
   105 | D:1      | Reached XP level 2. HP: 22/24 MP: 2/2
   321 | D:1      | Reached skill level 3 in Axes
   715 | D:1      | Reached XP level 3. HP: 26/29 MP: 3/3
  1151 | D:1      | Found a sparkling altar of Nemelex Xobeh.
  1689 | D:2      | Reached XP level 4. HP: 25/35 MP: 4/4
  1811 | D:2      | Reached skill level 1 in Dodging
  1876 | D:2      | Reached skill level 4 in Axes
  2325 | D:2      | Found an opulent altar of Gozag.
  2325 | D:2      | Found a sparkling altar of Nemelex Xobeh.
  2461 | D:3      | Reached XP level 5. HP: 41/41 MP: 5/5
  2531 | D:3      | Reached skill level 5 in Axes
  3064 | D:3      | Reached XP level 6. HP: 41/47 MP: 6/6
  3303 | D:3      | Reached skill level 1 in Evocations
  3914 | D:4      | You fall into a shaft and drop 1 floor!
  3914 | D:5      | Entered Level 5 of the Dungeon
  4017 | D:5      | Found a white marble altar of Elyvilon.
  4020 | D:5      | Became a worshipper of Elyvilon the Healer
  4050 | D:4      | Noticed an ogre
  4057 | D:4      | Killed an ogre
  4058 | D:4      | Reached skill level 6 in Axes
  4058 | D:4      | Reached XP level 7. HP: 24/52 MP: 7/7
  4258 | D:4      | Found Zigupn's Antique Armour Emporium.
  4285 | D:4      | Noticed Menkaure
  5099 | D:4      | Killed Menkaure
  5100 | D:4      | Reached skill level 7 in Axes
  5248 | D:4      | Noticed Pikel
  5309 | D:4      | Killed Pikel
  5310 | D:4      | Reached skill level 9 in Axes
  5310 | D:4      | Reached XP level 8. HP: 15/58 MP: 8/8
  5673 | D:4      | Found a runed translucent door.
  5679 | D:4      | Noticed TheWayOfAllFlesh's ghost (amateur DsGl)
  5794 | D:4      | Reached * piety under Elyvilon
  5831 | D:4      | Found Ihoyciot's Jewellery Shop.
  6252 | D:4      | Found a burning altar of Makhleb.
  6330 | D:5      | Found a shadowy altar of Dithmenos.
  6415 | D:5      | Found Xivoama's Jewellery Shop.
  6423 | D:5      | Reached skill level 1 in Invocations
  6486 | D:5      | Reached XP level 9. HP: 64/64 MP: 9/9
  6590 | D:5      | Reached ** piety under Elyvilon
  6607 | D:5      | Noticed Ijyb
  6615 | D:5      | Killed Ijyb
  6616 | D:5      | Reached skill level 1 in Throwing
  6745 | D:5      | Found a sparkling altar of Nemelex Xobeh.
  7466 | D:6      | Found a staircase to the Ecumenical Temple.
  7472 | Temple   | Entered the Ecumenical Temple
  7576 | D:6      | Reached *** piety under Elyvilon
  7730 | D:6      | Found a shimmering blue altar of Sif Muna.
  8384 | D:6      | Found a broken altar of Ashenzari.
  8524 | D:7      | Noticed Maggie
  8548 | D:7      | Reached **** piety under Elyvilon
  8711 | D:7      | Killed Maggie
  8712 | D:7      | Reached skill level 10 in Axes
  9364 | D:8      | Reached skill level 5 in Armour
  9431 | D:8      | Reached XP level 10. HP: 57/71 MP: 12/12
  9640 | D:8      | Found a glowing golden altar of the Shining One.
  9640 | D:8      | Found a shimmering altar of Xom.
 10066 | D:8      | Found a snail-covered altar of Cheibriados.
 10188 | D:9      | Noticed a two-headed ogre
 10203 | D:9      | Killed a two-headed ogre
 10630 | D:9      | Noticed a two-headed ogre
 10639 | D:9      | Killed a two-headed ogre
 10640 | D:9      | Reached skill level 5 in Fighting
 10640 | D:9      | Reached skill level 5 in Shields
 10793 | D:9      | Got an emerald-encrusted ring mail
 10805 | D:9      | Identified the +3 ring mail "Joediug" {rF+ Int-5 Stlth+}
                  | (You found it on level 9 of the Dungeon)
 10830 | D:9      | Reached skill level 11 in Axes
 11202 | D:9      | Reached ***** piety under Elyvilon
 11212 | D:9      | Reached XP level 11. HP: 75/79 MP: 3/14
 11568 | D:10     | Entered Level 10 of the Dungeon
 11921 | D:10     | Found a staircase to the Orcish Mines.
 12039 | D:10     | Paralysed by a hornet for 3 turns
 12046 | D:10     | Reached skill level 5 in Invocations
 12110 | D:10     | Noticed a boulder beetle
 12110 | D:10     | Noticed a deep elf mage
 12111 | D:10     | Identified the +4 great sword "Samugom" {freeze, rF- Str+3
                  | Int+3}
 12111 | D:10     | Noticed a brown ugly thing
 12236 | D:10     | Killed an unseen horror
 12237 | D:10     | Reached skill level 5 in Dodging
 12363 | D:10     | Found a shimmering blue altar of Sif Muna.
 12435 | D:10     | Killed a deep elf mage
 12436 | D:10     | Reached skill level 5 in Evocations
 12553 | D:10     | Killed a boulder beetle
 12771 | D:10     | Got a crude leather armour
 12885 | D:10     | Killed a brown ugly thing
 13062 | D:10     | Found a staircase to the Lair.
 13085 | D:10     | Found Pudot's Assorted Antiques.
 13093 | D:10     | Bought a grey potion for 23 gold pieces
 13093 | D:10     | Bought a runed bone wand for 104 gold pieces
 13127 | D:10     | Noticed a two-headed ogre
 13135 | D:10     | Killed a two-headed ogre
 13136 | D:10     | Reached skill level 12 in Axes
 13136 | D:10     | Reached XP level 12. HP: 54/88 MP: 16/16
 13651 | D:10     | Found Pudot's Assorted Antiques.
 13685 | D:10     | Found a staircase to the Orcish Mines.
 13848 | D:10     | Found a staircase to the Lair.
 14052 | D:10     | Found a shimmering blue altar of Sif Muna.
 14477 | D:11     | Noticed a four-headed hydra
 14489 | D:11     | Killed a one-headed hydra
 14981 | D:11     | You fall into a shaft and drop 1 floor!
 15036 | D:12     | Noticed Sonja
 15039 | D:12     | Killed Sonja
 15092 | D:12     | Noticed Jorgrun
 15093 | D:12     | Paralysed by a hornet for 1 turns
 15143 | D:12     | Noticed Kirke
 15163 | D:12     | Killed Kirke
 15206 | D:11     | Noticed a two-headed ogre
 15218 | D:11     | Killed a two-headed ogre
 15683 | Lair:1   | Entered Level 1 of the Lair of Beasts
 15740 | Lair:1   | Reached XP level 13. HP: 55/96 MP: 18/18
 16193 | Lair:1   | Noticed Gastronok
 16208 | Lair:1   | Reached skill level 13 in Axes
 16230 | Lair:1   | Killed Gastronok
 16670 | D:4      | Bought the ring "Iraxuum" {rN+ Str+7} for 500 gold pieces
 17958 | Lair:2   | Found a staircase to the Shoals.
 18647 | Lair:3   | Found a hole to the Spider Nest.
 18676 | Lair:3   | Noticed a five-headed hydra
 18704 | Lair:3   | Killed a one-headed hydra
 19114 | Lair:3   | Reached XP level 14. HP: 102/106 MP: 20/20
 19373 | Lair:3   | You fall into a shaft and drop 3 floors!
 19373 | Lair:6   | Entered Level 6 of the Lair of Beasts
 19545 | Lair:6   | Got a slimy iron amulet
 19546 | Lair:6   | Identified the amulet of Downomn {Faith +Fly rC- Dex+9}
                  | (You found it on level 6 of the Lair of Beasts)
 19713 | Lair:6   | Got a heavily runed scale mail
 19714 | Lair:6   | Identified the +6 scale mail of the Lily {MR- Str+10 Dex+2}
                  | (You found it on level 6 of the Lair of Beasts)
 20238 | Lair:5   | Reached skill level 14 in Axes
 21916 | Lair:5   | Found a viscous altar of Jiyva.
 21916 | Lair:5   | Found a staircase to the Slime Pits.
 22085 | Lair:6   | Reached skill level 10 in Armour
 22335 | Lair:6   | Reached XP level 15. HP: 114/114 MP: 21/21
 22661 | Lair:5   | Reached skill level 10 in Shields
 23083 | Lair:6   | Reached skill level 10 in Fighting
 23825 | D:5      | Bought the ring "Katisiyd" {Wiz rPois MR+ Int+2} for 663
                  | gold pieces
 24115 | D:12     | Killed Jorgrun
 24421 | D:12     | Reached ****** piety under Elyvilon
 25218 | D:13     | Found a gate to the Vaults.
 25481 | D:13     | Identified a scroll of acquirement
 25493 | D:13     | Acquired a +3 broad axe of electrocution
 25997 | D:13     | Learned a level 2 spell: Blink
 26122 | D:14     | Reached XP level 16. HP: 123/123 MP: 23/23
 26729 | D:14     | Reached skill level 1 in Spellcasting
 26735 | D:14     | Reached skill level 1 in Translocations
 27145 | D:15     | Entered Level 15 of the Dungeon
 27205 | D:15     | Found a frozen archway.
 27209 | IceCv    | Entered an ice cave
 27857 | IceCv    | Reached skill level 15 in Axes
 27917 | IceCv    | Noticed a frost giant
 27951 | IceCv    | Killed a frost giant
 28375 | D:15     | Reached skill level 10 in Invocations
 28420 | D:15     | Noticed a frost giant
 28433 | D:15     | Killed a frost giant
 28688 | D:15     | Found a staircase to the Depths.
 28834 | D:15     | Found Soid's Weapon Boutique.
 29358 | Spider:1 | Entered Level 1 of the Spider Nest
 29578 | Spider:1 | You fall into a shaft and drop 1 floor!
 29622 | Spider:2 | Noticed Donald
 29649 | Spider:2 | HP: 6/225 [Donald/+2 broad axe of flaming (6)]
 29649 | Spider:2 | Slain by a moth of wrath

Illustrated notes

Levels and vault maps discovered:
D:1:      onia_arrival_mini_maze, layout_loops_ring,
          nemelex_diamond_rough_becter
D:2:      layout_basic, grunt_temple_overflow_opulence
D:3:      layout_basic, grunt_decor_mini_mirrors
D:4:      layout_layer_cave, makhleb_blood_cavern_becter,
          ebering_ghost_reflecting_pool, serial_shops, nicolae_shop_waterfront,
          kennysheep_mini_moat, hangedman_decor_push, uniq_menkaure, uniq_pikel
D:5:      layout_cave_pools, grunt_dithmenos_smoke_and_mirrors, kennysheep_mini,
          serial_shops, shop, serial_co_window_serial,
          co_window_of_opportunity_a, co_window_corner_a,
          co_window_of_opportunity_a, co_window_paths_a, co_window_corner_a,
          co_window_corner_a, co_window_corner_a, co_window_paths_b,
          co_window_corner_a, co_window_2corner, co_window_2corner,
          co_window_broadway_b, co_window_broadway_b, glass_columns_b,
          nemelex_spade_bored_becter, uniq_ijyb
D:6:      layout_layer_cave, lemuel_coloured_pillars_altar, old_standard_altar,
          minmay_temple_entry_hall, abandoned_shop, corexii_shack
D:7:      layout_rooms, kennysheep_potato, uniq_maggie
D:8:      layout_loops_ring, cheibrodos_worm_habitat,
          gammafunk_temple_overflow_pools
D:9:      layout_stronghold
D:10:     minmay_the_grid_square_5x5_3x3
          [minmay_the_grid_square_5x5_eight_small,
          minmay_the_grid_square_5x5_moneybag,
          minmay_the_grid_square_5x5_broken_cross,
          minmay_the_grid_square_5x5_beaten_path,
          minmay_the_grid_square_5x5_megaprize_open,
          minmay_the_grid_square_5x5_mess, minmay_the_grid_square_5x5_shrine2,
          minmay_the_grid_square_5x5_spiral,
          minmay_the_grid_square_5x5_three_walls], layout_basic,
          lair_entry_dummy, erik_orc_3, basic_altar, serial_shops, shop
D:11:     layout_basic
D:12:     layout_roguey, uniq_sonja, uniq_jorgrun, uniq_kirke
D:13:     layout_irregular_city, david_vaults_5, minmay_fire_ice_demons
D:14:     layout_basic, serial_glass, glass_columns_a, glass_columns_a,
          nicolae_water_bricks
D:15:     grunt_enter_depths_snipers, layout_cave_pods,
          portal_ice_cave_entry_pillars_2, serial_shops,
          nicolae_shop_temple_entry_statues_fountains, serial_park_tiny_1
Temple:   nicolae_temple_hex_pool
Lair:1:   layout_loops_ring, lemuel_fruit_tree, serial_bayou_shore_a,
          grunt_megastairs_4, minmay_lair_oklob_chamber, uniq_gastronok
Lair:2:   layout_gridlike, minmay_shoals_entry_lonely_mermaid,
          chequers_serial_rivers_small_3, grunt_megastairs_2
Lair:3:   layout_roguey, spider_nest_entry_webs, lemuel_fruit_fields,
          serial_bayou_shore_b
Lair:4:   layout_regular_city, grunt_megastairs_3
Lair:5:   layout_loops_ring, dpeg_slime_entry_enclosed_altar
Lair:6:   evilmike_catoblepas_cave, layout_big_grid
Spider:1: layout_chambers
Spider:2: layout_spider_delve, uniq_donald, uniq_agnes, uniq_arachne,
          uniq_louise

Skill      XL: |  1  2  3  4  5  6  7  8  9 10 11 12 13 14 15 16 |
---------------+-------------------------------------------------+-----
Axes           | 3 4 5 6 9 10 11 12 13 14 15 | 15.1
Dodging        | 1 3 4 5 6 7 |  7.7
Evocations     | 1 2 4 5 6 7 8 9 |  9.4
Armour         | 4 5 6 7 8 10 11 | 11.5
Invocations    | 1 3 4 6 7 8 9 10 | 10.1
Throwing       | 1 2 |  2.0
Fighting       | 4 5 6 7 8 9 10 11 | 11.1
Shields        | 4 5 6 7 8 9 10 11 | 11.3
Spellcasting   | 2 |  2.3
Translocations | 2 |  2.6

Action                   |  1- 3 |  4- 6 |  7- 9 | 10-12 | 13-15 | 16-18 || total
-------------------------+-------+-------+-------+-------+-------+-------++-------
Melee: War axe           |   125 |   201 |   282 |   562 |   957 |   228 ||  2355
       Broad axe         |       |       |       |       |    59 |   174 ||   233
Throw: Dart              |       |       |     6 |    35 |   178 |    68 ||   287
       Boomerang         |       |       |     2 |    62 |    92 |     3 ||   159
       Javelin           |       |       |       |       |       |     3 ||     3
 Cast: Blink             |       |       |       |       |       |     1 ||     1
Invok: Heal Other        |       |       |       |     2 |     2 |       ||     4
       Greater Healing   |       |       |       |     1 |     6 |     4 ||    11
       Purification      |       |       |       |     1 |     1 |     2 ||     4
       Divine Vigour     |       |       |       |       |     2 |     2 ||     4
       Lesser Healing    |       |       |       |       |     1 |       ||     1
Evoke: Wand              |       |       |     2 |    13 |    13 |     5 ||    33
       Lightning rod     |       |       |       |     5 |    12 |     4 ||    21
       Phial of floods   |       |       |       |     1 |     1 |       ||     2
  Use: Scroll            |     3 |     1 |    11 |    10 |    11 |     4 ||    40
       Potion            |       |       |     1 |     1 |       |     7 ||     9
 Stab: Paralysed         |       |       |     4 |       |       |       ||     4
       Petrified         |       |       |       |       |     2 |       ||     2
       Distracted        |       |       |       |       |       |     1 ||     1
Armor: Scale mail        |    55 |    80 |    30 |       |       |       ||   165
       Plate armour      |       |       |    74 |   160 |   430 |   208 ||   872
       Acid dragon scale |       |       |    13 |    48 |       |       ||    61
Dodge: Dodged            |    42 |    61 |    75 |   143 |   305 |   148 ||   774
Block: Kite shield       |    63 |    75 |   108 |   252 |   559 |   184 ||  1241
       Tower shield      |       |       |       |       |       |   157 ||   157

Table legend: (Time is in decaauts)
 A = Elapsed time spent in this place.
 B = Non-inter-level travel time spent in this place.
 C = Inter-level travel time spent in this place.
 D = Time resting spent in this place.
 E = Time spent auto-exploring this place.
 F = Levels seen in this place.
 G = Mean time per level.
                   A        B        C        D        E       F      G
               +--------+--------+--------+--------+--------+-----+--------+
         Total |  29820 |  27644 |   2176 |    349 |  20137 |  25 | 1192.8 |
       Dungeon |  20951 |  19148 |   1803 |    281 |  14025 |  15 | 1396.7 |
        Temple |     82 |     76 |      6 |      0 |     76 |   1 |   82.0 |
          Lair |   7592 |   7227 |    365 |     68 |   5460 |   6 | 1265.3 |
   Spider Nest |    244 |    244 |      0 |      0 |     58 |   2 |  122.0 |
      Ice Cave |    949 |    949 |      0 |      0 |    518 |   1 |  949.0 |
               +--------+--------+--------+--------+--------+-----+--------+

Top non-repeatable levels by time:
    D:10: 3000 daAuts
     D:3: 1936 daAuts
  Lair:6: 1863 daAuts
     D:4: 1760 daAuts
     D:9: 1758 daAuts
  Lair:1: 1453 daAuts
     D:2: 1383 daAuts
     D:1: 1351 daAuts
  Lair:3: 1289 daAuts
    D:13: 1206 daAuts
     D:8: 1202 daAuts
     D:6: 1188 daAuts
     D:5: 1166 daAuts
    D:14: 1158 daAuts
    D:11: 1105 daAuts
